 Dungeon Crawl Stone Soup version 0.22-a0-533-g4d20840 (webtiles) character file.

60 pk666 the Firebug (level 3, -2/19 HPs)
             Began as a Deep Elf Fire Elementalist on June 22, 2018.
             Killed from afar by Natasha (5 damage)
             ... with a magic dart
             ... on level 2 of the Dungeon.
             The game lasted 00:02:25 (1312 turns).

pk666 the Firebug (Deep Elf Fire Elementalist)      Turns: 1312, Time: 00:02:25

Health: -2/19      AC:  2    Str:  5    XL:     3   Next: 82%
Magic:  6/10       EV: 13    Int: 20    God:
Gold:   18         SH:  0    Dex: 15    Spells: 8/9 levels left

rFire    + . .     SeeInvis .   (no weapon)
rCold    . . .     Gourm    .   (no shield)
rNeg     . . .     Faith    .   a - +0 robe
rPois    .         Spirit   .   (no helmet)
rElec    .         Reflect  .   (no cloak)
rCorr    .         Harm     .   (no gloves)
MR       .....                  (no boots)
Stlth    ++........             (no amulet)
HPRegen  0.06/turn              g - ring of protection from fire
MPRegen  0.12/turn              i - ring of wizardry

@: no status effects
A: no striking features
a: no special abilities


You were on level 2 of the Dungeon.
You were not hungry.

You visited 1 branch of the dungeon, and saw 2 of its levels.

You collected 18 gold pieces.

Inventory:

Armour
 a - a +0 robe (worn)
Jewellery
 g - a ring of protection from fire (left hand)
 i - a ring of wizardry (right hand)
 k - an uncursed amulet of the acrobat {unknown}
 l - an uncursed ring of flight
Scrolls
 b - 4 scrolls of remove curse {unknown}
 d - 3 scrolls of enchant armour {unknown}
 e - 4 scrolls of identify {unknown}
 f - a scroll of teleportation {unknown}
 h - a scroll of amnesia {unknown}
Potions
 j - a potion of heal wounds {unknown}
Comestibles
 c - 4 rations
 m - a chunk of flesh


   Skills:
 - Level 2.4 Dodging
 - Level 2.4 Stealth
 + Level 3.7 Spellcasting
 * Level 3.0 Conjurations
 + Level 3.9 Fire Magic


You had 8 spell levels left.
You knew the following spells:

 Your Spells              Type           Power        Failure   Level  Hunger
a - Flame Tongue          Conj/Fire      ###..        1%          1    None

Your spell library contained the following spells:

 Spells                   Type           Power        Failure   Level  Hunger
 Fireball                 Conj/Fire      ###.......   32%         5    ######.
 Conjure Flame            Conj/Fire      ###.....     4%          3    ###....
 Throw Flame              Conj/Fire      ###...       1%          2    ##.....
 Sticky Flame             Conj/Fire      ###.....     12%         4    ####...
 Inner Flame              Hex/Fire       ##......     8%          3    ###....


Dungeon Overview and Level Annotations

Branches:
Dungeon (2/15)

Altars:

Annotations:
D:2 Natasha


Message History

The flame tongue hits Natasha.
Natasha is severely wounded.
Natasha mumbles some strange words.
A rat comes into view.
The shadow imp hits you. The white imp gestures at you.
The puff of frost hits you!
Ouch! That really hurt!
* * * LOW HITPOINT WARNING * * *
The crimson imp blinks!
Casting: Flame Tongue (safe; 1% risk of failure)
Confirm with . or Enter, or press ? or * to list all spells.
Aiming: Flame Tongue (safe; 1% risk of failure)
Press: ? - help, Shift-Dir - straight line, f/p - Natasha
Aim: Natasha (severely wounded)
The flame tongue hits Natasha.
Natasha is almost dead.
Natasha stares at you and mumbles some strange words.
The magic dart hits you!
You die...

##.###.##.# ##.# #.##.#
.# #. #.# #.##.# #.##
#.# #.# #.##.# ..###..#
#.###.##.# #...>..
#........# #...ยง##
#####.#### ##5....## # #
##..# #.55h...#.#
####...######...@.....#
'.......................
####...#######.......r##
# ##..## #......#.#
##[.# #........# ##.#
#........# #.#
#.###....# #.# #.# .....
# #<# #.# .....


You could see Natasha, a crimson imp, a white imp, a shadow imp and a rat.

Vanquished Creatures
  Natasha (D:2)
  A worm (D:2)
  A dart slug (D:2)
  3 leopard geckos
  4 bats
  3 giant cockroaches
  3 goblins
  4 hobgoblins (D:1)
  2 frilled lizards
  3 kobolds (D:1)
  3 rats
28 creatures vanquished.

Notes
Turn   | Place    | Note
-------+----------+-------------------------------------------
     0 | D:1      | pk666 the Deep Elf Fire Elementalist began the quest for the Orb.
     0 | D:1      | Reached XP level 1. HP: 10/10 MP: 6/6
   208 | D:1      | Reached XP level 2. HP: 15/15 MP: 6/8
   749 | D:2      | Noticed Natasha
   754 | D:2      | Killed Natasha
   754 | D:2      | Reached XP level 3. HP: 19/19 MP: 5/10
  1304 | D:2      | Noticed Natasha
  1312 | D:2      | Killed from afar by Natasha

Vault maps used:
D:1:      lightli_arrival_maybe_door_vault
D:2:      okawaru_altar_gauntlet_db, uniq_natasha

Skill      XL: |  1  2  3 |
---------------+----------+-----
Conjurations   | 2 3 |  3.0
Dodging        | |  2.4
Stealth        | |  2.4
Spellcasting   | |  3.7
Fire Magic     | |  3.9

Action                   || total
-------------------------++-------
Melee: Unarmed           ||     1
 Cast: Flame Tongue      ||    46
 Stab: Sleeping          ||     1
  Eat: Chunk             ||     1
Armor: Robe              ||     1
Dodge: Dodged            ||     8

Table legend:
 A = Spawn XP
 B = Non-spawn XP
 C = Spawn XP percentage of total XP
 D = Spawn monster count
 E = Non-spawn monster count
 F = Spawn count percentage of total count
 G = Total turns spent on level
                    A         B        C        D         E        F      G
               +---------+---------+-------+---------+---------+-------+---------
         Total |       0 |      87 |   0.0 |       0 |      28 |   0.0 |  1312
               +---------+---------+-------+---------+---------+-------+---------
           D:1 |       0 |      30 |   0.0 |       0 |      18 |   0.0 |   702
           D:2 |       0 |      57 |   0.0 |       0 |      10 |   0.0 |   610
               +---------+---------+-------+---------+---------+-------+---------
